 Dungeon Crawl Stone Soup version 0.32-a0-908-g8e5f33bbaa (webtiles) character file.

Game seed: 6693443148117359761

2618 Descartes the Chopper (level 9, 0/78 HPs)
             Began as a Mountain Dwarf Fighter on Apr 6, 2024.
             Was an Initiate of Gozag.
             Succumbed to a water moccasin's poison
             ... on level 6 of the Dungeon.
             The game lasted 00:12:00 (6339 turns).

Descartes the Chopper (Mountain Dwarf Fighter)      Turns: 6339, Time: 00:12:01

Health: 0/78       AC: 14    Str: 23    XL:     9   Next: 34%
Magic:  9/9        EV:  9    Int:  9    God:    Gozag
Gold:   21         SH: 10    Dex:  9    Spells: 8/8 levels left

rFire   + . .        E - +1 war axe (venom)
rCold   + . .        c - +0 buckler
rNeg    . . .        g - +3 ring mail {Will+}
rPois   +            v - +2 helmet
rElec   +            A - +0 cloak
rCorr   +            (no gloves)
SInv    .            (no boots)
Will    ++...        y - amulet of reflection Stlth
                     j - ring of resist corrosion
HPRegen 0.33/turn    (no ring)
MPRegen 0.11/turn

%: reflection
@: lethally poisoned (0 -> -1), resistant, gold aura, enlightened, flying
A: runic magic, artefact enchanting, talons 1, high MP 1
a: Renounce Religion, Potion Petition, Call Merchant, Bribe Branch


You were on level 6 of the Dungeon.
You worshipped Gozag.
Gozag was noncommittal.
You visited 2 branches of the dungeon, and saw 8 of its levels.
You also visited: Sewer.

You collected 627 gold pieces.
You spent 116 gold pieces at shops.
You paid 490 gold pieces to Gozag.

Inventory:

Hand Weapons
 n - a +0 long sword
 E - a +1 war axe of venom (weapon)
Missiles
 L - a curare-tipped dart (quivered)
Armour
 c - a +0 buckler (worn)
 g - a +3 ring mail of willpower (worn)
 v - a +2 helmet (worn)
 A - a +0 cloak (worn)
 B - the +0 leather armour of Deog {^Drain rN++ Int+3}
   (You found it on level 5 of the Dungeon)

   Int+3:     It affects your intelligence (+3).
   rN++:      It greatly protects you from negative energy.
   ^Drain:    It drains your maximum health when unequipped.
Jewellery
 j - a ring of resist corrosion (left hand)
 y - an amulet of reflection (around neck)
 K - an amulet of regeneration
Wands
 p - a wand of mindburst (35)
 r - a wand of roots (8)
 u - a wand of polymorph (11)
 I - a wand of acid (12)
 J - a wand of flame (6)
Scrolls
 a - a scroll of fear {unknown}
 b - a scroll of enchant weapon
 e - a scroll of immolation
 f - a scroll of acquirement {unknown}
 l - 2 scrolls of fog {unknown}
 m - 4 scrolls of teleportation
 s - 3 scrolls of poison {unknown}
 w - 2 scrolls of noise {unknown}
 x - a scroll of blinking {unknown}
 D - 2 scrolls of identify
 F - a scroll of silence {unknown}
Potions
 d - 2 potions of might
 h - 3 potions of brilliance {unknown}
 i - a potion of ambrosia {unknown}
 k - 2 potions of cancellation {unknown}
 o - 3 potions of mutation
 q - 2 potions of enlightenment
 t - 3 potions of resistance
 z - a potion of magic {unknown}
 C - a potion of curing {unknown}
 G - 2 potions of attraction {unknown}
 H - 2 potions of lignification {unknown}


   Skills:
 + Level 6.6 Fighting
 + Level 4.4 Long Blades
 + Level 6.7 Axes
 + Level 4.1 Ranged Weapons
 + Level 6.6 Armour
 + Level 6.5 Shields


You had 8 spell levels left.
You didn't know any spells.
Your spell library contained the following spells:

 Spells                   Type           Power      Damage    Failure   Level
 Necrotise                Necr           0%         1d4       47%         1
 Lesser Beckoning         Tloc           0%         N/A       63%         2
 Maxwell's Portable Pile  Tloc           0%         2d(5-13)  85%         3
 Teleport Other           Tloc           0%         N/A       85%         3
 Vampiric Draining        Necr           0%         2d6       85%         3
 Martyr's Knell           Necr/Summ      0%         N/A       99%         4
 Curse of Agony           Necr           0%         N/A       100%        5


Dungeon Overview and Level Annotations

Branches:
Dungeon (7/15)             Temple (1/1) D:5           Sewer (visited)

Altars:
Ashenzari
Cheibriados
Dithmenos
Elyvilon
Fedhas
Gozag
Hepliaklqana
Makhleb
Nemelex Xobeh
Okawaru
Qazlal
Ru
Sif Muna
Trog
Uskayaw
Vehumet
Wu Jian
Xom
Yredelemnul
Zin

Shops:
D:1 (*([   D:2 ?*


Innate Abilities, Weirdness & Mutations

Your spellcasting is much less encumbered by armour.
You can use scrolls of enchantment on lesser artefacts.
You have sharp toenails.
You have an increased reservoir of magic. (+10% MP)


Message History

The water moccasin bites you but does no damage.
You closely miss the water moccasin. Your kick misses the water moccasin.
The water moccasin is almost dead.
You barely miss the ufetubus.
* * * LOW HITPOINT WARNING * * *
You feel very sick.
You kill the ufetubus!
The water moccasin closely misses you.
A sky beast comes into view.
You miss the water moccasin. You claw the water moccasin.
The water moccasin is almost dead.
* * * LOW HITPOINT WARNING * * *
You feel very sick. You block the water moccasin's attack.
The water moccasin barely misses you.
Unknown command.
You slash the water moccasin!
You kill the water moccasin!
* * * LOW HITPOINT WARNING * * *
You feel sick.
The sky beast flickers out of sight!
Deactivating autopickup; reactivate with Ctrl-A.
Reactivating autopickup.
A sky beast appears from thin air!
* * * LOW HITPOINT WARNING * * *
You feel sick.
There is a stone staircase leading up here.
* * * LOW HITPOINT WARNING * * *
You feel sick.
You climb upwards.
* * * LOW HITPOINT WARNING * * *
You feel sick.
There is a stone staircase leading down here.
It was a potion of resistance.
You feel protected.
* * * LOW HITPOINT WARNING * * *
You feel sick.
It was a potion of enlightenment.
You feel very buoyant.
You fly up into the air.
You die...
Your body crumbles into a pile of gold.

#.........###.....#
######.........##.......
##..÷...........##......#
##...)..#.#...)####.....##
##.......#.#....####.##.##≈
#........#.#....#....##.##≈
#........#.####.#........#.
###........#.#
#.#....##..##
#...........@#
#[##.#.##...#
#.#........###
#.##.#.##..## #..........#
#.##.#.##.#.# ####.......#
#.##.#.#.###.
#.......######.##......#.#
#..............####.......
####.......########
####..## #.>...÷...## #..##
#.####...## #....


There were no monsters in sight!

Vanquished Creatures
  Pikel (D:7)
  Grinder (D:5)
  Eustachio (D:6)
  2 steam dragons (D:6)
  Menkaure (D:7)
  2 water moccasins
  An orc warrior (D:6)
  A centaur (D:6)
  4 phantoms
  2 lemures (D:7)
  A kobold brigand (D:6)
  Blork the orc (D:4)
  6 hounds
  2 bombardier beetles (D:4)
  An orc priest (D:6)
  A gnoll bouda (D:6)
  7 iguanas
  Ijyb (D:3)
  Natasha (twice) (D:3)
  Robin (D:3)
  4 gnolls (D:6)
  11 adders
  A river rat (Sewer)
  A shadow imp (D:6)
  A white imp (D:6)
  2 ufetubi (D:7)
  4 ribbon worms (Sewer)
  10 orcs
  8 ball pythons
  2 bats
  6 endoplasms
  5 giant cockroaches
  18 goblins
  8 hobgoblins
  10 kobolds
  3 quokkas
  5 frilled lizards
  10 rats
148 creatures vanquished.

Notes
Turn   | Place    | Note
-------+----------+-------------------------------------------
     0 | D:1      | Descartes the Mountain Dwarf Fighter began the quest for
                  | the Orb.
     0 | D:1      | Reached XP level 1. HP: 19/19 MP: 1/1
    11 | D:1      | Found Wuesk's Weapon Shop.
    86 | D:1      | Found Noemesoe's Armour Shop.
   214 | D:1      | Reached XP level 2. HP: 26/26 MP: 2/2
   299 | D:1      | Found a faded altar of an unknown god.
   391 | D:1      | Found Jotuc's Antique Weapon Shoppe.
   500 | D:1      | Found Qevifula's General Store.
   870 | D:2      | Reached XP level 3. HP: 33/33 MP: 3/3
   983 | D:2      | Found Mummenep's Magic Scroll Shop.
  1249 | D:2      | Found Iroitor's Assorted Antiques.
  1719 | D:3      | Found a basalt altar of Yredelemnul.
  1760 | D:3      | Noticed Ijyb
  1775 | D:3      | Killed Ijyb
  1776 | D:3      | Reached skill level 1 in Ranged Weapons
  1776 | D:3      | Reached XP level 4. HP: 4/40 MP: 4/4
  2368 | D:3      | Noticed a phantom
  2383 | D:3      | Killed a phantom
  2384 | D:3      | Reached skill level 1 in Long Blades
  2384 | D:3      | Reached XP level 5. HP: 38/46 MP: 5/5
  2711 | D:3      | Noticed Robin
  2725 | D:3      | Killed Robin
  2730 | D:3      | Noticed Natasha
  2743 | D:3      | Killed Natasha
  3118 | D:4      | Found an iron altar of Okawaru.
  3127 | D:4      | Reached XP level 6. HP: 52/52 MP: 6/6
  3208 | D:4      | Found a glowing drain.
  3214 | Sewer    | Entered a sewer
  3688 | D:4      | Found a shimmering altar of Xom.
  3688 | D:4      | Found a shimmering altar of Xom.
  4048 | D:4      | Noticed Blork the orc
  4056 | D:4      | Reached XP level 7. HP: 52/60 MP: 7/7
  4062 | D:4      | Killed Blork the orc
  4337 | D:5      | Entered Level 5 of the Dungeon
  4343 | D:5      | Found a staircase to the Ecumenical Temple.
  4388 | Temple   | Entered the Ecumenical Temple
  4396 | Temple   | Became a worshipper of Gozag Ym Sagoz the Greedy
  4436 | D:5      | Identified the +0 leather armour of Deog {^Drain rN++
                  | Int+3}
  4456 | D:5      | Reached skill level 5 in Armour
  4511 | D:5      | Reached skill level 5 in Fighting
  4582 | D:3      | Noticed Natasha
  4590 | D:3      | Killed Natasha
  4591 | D:3      | Reached skill level 5 in Shields
  4613 | D:2      | Bought a grey potion for 22 gold pieces
  4613 | D:2      | Bought a murky clear potion for 22 gold pieces
  4613 | D:2      | Bought a fizzy inky potion for 22 gold pieces
  4613 | D:2      | Bought a scroll of identify for 50 gold pieces
  4694 | D:5      | Noticed Grinder
  4704 | D:5      | Killed Grinder
  4705 | D:5      | Reached skill level 5 in Axes
  4932 | D:5      | Reached XP level 8. HP: 68/68 MP: 8/8
  5065 | D:5      | Found an ornate altar of the Wu Jian Council.
  5065 | D:5      | Found a broken altar of Ashenzari.
  5260 | D:6      | Noticed Eustachio
  5271 | D:6      | Killed Eustachio
  5513 | D:6      | Found a hide-covered altar of Uskayaw.
  5873 | D:6      | Reached XP level 9. HP: 54/75 MP: 9/9
  6027 | D:6      | Found a white marble altar of Elyvilon.
  6031 | D:6      | Found a bloodstained altar of Trog.
  6035 | D:6      | Found a stormy altar of Qazlal.
  6294 | D:6      | Found a glowing silver altar of Zin.
  6309 | D:7      | Noticed Menkaure
  6309 | D:7      | Noticed Pikel
  6318 | D:7      | Gained mutation: You have sharp toenails. [potion of
                  | mutation]
  6318 | D:7      | Gained mutation: You have an increased reservoir of magic.
                  | (+10% MP) [potion of mutation]
  6321 | D:7      | Killed Menkaure
  6325 | D:7      | Killed Pikel
  6336 | D:7      | HP: 3/78 [poisoned by a water moccasin]
  6337 | D:6      | HP: 1/78 [poisoned by a water moccasin]
  6339 | D:6      | Succumbed to a water moccasin's poison

Illustrated notes

Levels and vault maps discovered:
D:1:      eino_arrival_tree_alley, layout_loops_ring,
          dreamdust_ecumenical_altar_statues, serial_shops,
          nicolae_lakefront_shop, nicolae_shop_waterfront,
          nicolae_shop_statue_plus, nicolae_shop_crystal, minmay_tall_x
D:2:      layout_basic, serial_shops, shop, shop, minivault_5,
          serial_bayou_crossing
D:3:      layout_loops_corners, yredelemnul_altar_generic, uniq_ijyb,
          uniq_robin, uniq_natasha
D:4:      layout_gridville, amcnicky_altar_gilded, xom_redecorated,
          gup_sewer_entry_bubbles, chequers_serial_rivers_marsh,
          uniq_blork_the_orc
D:5:      layout_loops_ring, gammafunk_temple_overflow_pools, temple_pool_b,
          uniq_grinder
D:6:      cheibrodos_steamvent, layout_loops_ring,
          nicolae_uskayaw_murder_on_the_dancefloor, zin_statuary,
          grunt_temple_overflow_diamond, nicolae_wand_duel, grunt_ministairs_8,
          uniq_eustachio
D:7:      layout_gridville, mainiacjoe_overflow_brackets,
          minmay_misc_feat_plants, uniq_menkaure, uniq_maurice, uniq_pikel,
          uniq_crazy_yiuf_cottage
Temple:   nicolae_temple_two_arcs

Skill      XL: |  1  2  3  4  5  6  7  8  9 |
---------------+----------------------------+-----
Axes           | 3 4 5 6 |  6.7
Ranged Weapons | 1 2 3 4 |  4.1
Fighting       | 4 5 6 |  6.6
Long Blades    | 1 2 4 |  4.4
Armour         | 4 5 6 |  6.6
Shields        | 4 5 6 |  6.5

Action                     |  1- 3 |  4- 6 |  7- 9 || total
---------------------------+-------+-------+-------++-------
  Melee: War axe           |    50 |   325 |   208 ||   583
         Long sword        |    40 |     2 |       ||    42
         Kick              |       |       |     3 ||     3
 Invoke: Potion Petition   |       |       |     1 ||     1
    Use: Potion            |     1 |     1 |     3 ||     5
         Scroll            |       |     5 |       ||     5
 Armour: Scale mail        |    11 |       |       ||    11
         Ring mail         |    48 |   200 |   160 ||   408
  Dodge: Dodged            |    39 |   140 |    95 ||   274
  Block: Buckler           |    27 |    64 |   119 ||   210
         Reflection        |       |       |     2 ||     2

Table legend: (Time is in decaauts)
 A = Elapsed time spent in this place.
 B = Non-inter-level travel time spent in this place.
 C = Inter-level travel time spent in this place.
 D = Time resting spent in this place.
 E = Time spent auto-exploring this place.
 F = Levels seen in this place.
 G = Mean time per level.
                   A        B        C        D        E       F      G
               +--------+--------+--------+--------+--------+-----+--------+
         Total |   6650 |   6322 |    328 |      0 |   4842 |   9 |  738.9 |
       Dungeon |   6126 |   5805 |    321 |      0 |   4607 |   7 |  875.1 |
        Temple |     16 |      9 |      7 |      0 |      0 |   1 |   16.0 |
         Sewer |    507 |    507 |      0 |      0 |    234 |   1 |  507.0 |
               +--------+--------+--------+--------+--------+-----+--------+

Top non-repeatable levels by time:
     D:3: 1498 daAuts
     D:6: 1132 daAuts
     D:2: 1085 daAuts
     D:4: 942 daAuts
     D:5: 742 daAuts
     D:1: 693 daAuts
   Sewer: 507 daAuts
     D:7: 31 daAuts
  Temple: 16 daAuts
